 Dungeon Crawl Stone Soup version 0.25-b1-41-g19641232cd (webtiles) character file.

Game seed: 17868112836042252449

69939 grindst0ne the Prestidigitator (level 15, -6/115 HPs)
             Began as a Gnoll Artificer on June 8, 2020.
             Was the Champion of Okawaru.
             Mangled by a very large slime creature (31 damage)
             ... on level 12 of the Dungeon.
             The game lasted 01:03:02 (29547 turns).

grindst0ne the Prestidigitator (Gnoll Artificer)   Turns: 29547, Time: 01:03:02

Health: -6/115     AC: 35    Str: 20    XL:     15   Next: 31%
Magic:  28/28      EV: 11    Int: 19    God:    Okawaru [******]
Gold:   2840       SH:  8    Dex: 12    Spells: 33/33 levels left

rFire    + . .     SeeInvis +   B - +1 broad axe (flame)
rCold    . . .     Gourm    .   v - +2 buckler {reflect}
rNeg     . . .     Faith    .   n - +15 Maxwell's patent armour {-Cast -Tele rElec MR+ rCorr}
rPois    +         Spirit   .   q - +0 hat "Guigougg" {+Inv MR++ Int+2 Dex-4}
rElec    +         Reflect  +   g - +0 cloak
rCorr    +         Harm     .   X - +0 pair of gloves (curse)
MR       +++++     NoTele   +   P - +2 pair of boots {run} Stlth ..........NoCast +
                                (no amulet)
HPRegen  0.29/turn              F - ring of protection from magic
MPRegen  0.21/turn              u - ring "Nuqe" {rPois rF+ Str+3 SInv}

@: quick
A: distributed training, fangs 1, strong nose
a: Heroism, Finesse, Renounce Religion, Evoke Invisibility


You were on level 12 of the Dungeon.
You worshipped Okawaru.
Okawaru was exalted by your worship.
You were not hungry.

You visited 3 branches of the dungeon, and saw 19 of its levels.
You also visited: Sewer.

You collected 3640 gold pieces.
You spent 800 gold pieces at shops.

Inventory:

Hand Weapons
 k - a +3 short sword of venom
 B - a +1 broad axe of flaming (weapon)
 M - a +0 morningstar of distortion
 N - a +0 double sword
Missiles
 V - 35 poisoned darts
 W - 2 atropa-tipped darts (quivered)
Armour
 g - a +0 cloak (worn)
 n - the +15 Maxwell's patent armour (worn) {-Cast -Tele rElec MR+ rCorr}
   (You found it on level 9 of the Dungeon)

   It insulates you from electricity.
   It affects your resistance to hostile enchantments.
   It prevents spellcasting.
   It prevents most forms of teleportation.
   It provides partial protection from all sources of acid and corrosion.
 q - the +0 hat "Guigougg" (worn) {+Inv MR++ Int+2 Dex-4}
   (Okawaru gifted it to you on level 4 of the Lair of Beasts)

   It affects your intelligence (+2).
   It affects your dexterity (-4).
   It affects your resistance to hostile enchantments.
   It lets you turn invisible.
 v - a +2 buckler of reflection (worn)
 C - the +2 kite shield of Objectivity {rF- rC+++ Int+4 Stlth+}
   (You found it on level 4 of the Dungeon)

   It affects your intelligence (+4).
   It makes you vulnerable to fire.
   It renders you almost immune to cold.
   It makes you more stealthy.
 J - a +2 hat
 P - a +2 pair of boots of running (worn)
 X - a cursed +0 pair of gloves (worn)
Jewellery
 u - the ring "Nuqe" (right hand) {rPois rF+ Str+3 SInv}
   (You acquired it on level 5 of the Lair of Beasts)

   [ring of see invisible]

   It affects your strength (+3).
   It protects you from fire.
   It protects you from poison.
   It lets you see invisible.
 F - a ring of protection from magic (left hand)
 T - an uncursed ring of wizardry
Wands
 c - a wand of flame (17)
 d - a wand of enslavement (14)
 e - a wand of random effects (51)
 D - a wand of digging (20)
 K - a wand of iceblast (10)
 Y - a wand of polymorph (11)
Scrolls
 h - 6 scrolls of teleportation
 i - 2 scrolls of fear
 o - 3 scrolls of amnesia
 s - 6 scrolls of enchant weapon
 w - 4 scrolls of enchant armour
 y - 2 scrolls of immolation
 G - 7 scrolls of remove curse
 H - 6 scrolls of fog
 I - 3 scrolls of magic mapping
 Q - a scroll of acquirement
 R - a scroll of random uselessness {unknown}
Potions
 a - a potion of haste
 b - 4 potions of lignification
 j - a potion of ambrosia
 l - 6 potions of brilliance
 m - 5 potions of resistance
 p - a potion of cancellation {unknown}
 r - 5 potions of curing
 t - 3 potions of mutation {unknown}
 x - 5 potions of might {unknown}
 z - 6 potions of degeneration {unknown}
 A - 3 potions of stabbing
 E - 4 potions of flight
 O - 2 potions of magic
 U - a potion of invisibility {unknown}
Comestibles
 f - 44 rations


   Skills:
 + Level 9.9 Fighting
 + Level 9.9 Short Blades
 + Level 9.6 Long Blades
 + Level 9.6 Axes
 + Level 9.6 Maces & Flails
 + Level 9.6 Polearms
 + Level 9.6 Staves
 + Level 9.6 Slings
 + Level 9.6 Bows
 + Level 9.6 Crossbows
 + Level 9.6 Throwing
 + Level 9.6 Armour
 + Level 10.6 Dodging
 + Level 9.9 Stealth
 + Level 9.6 Shields
 + Level 9.6 Unarmed Combat
 + Level 9.6 Spellcasting
 + Level 8.0 Conjurations
 + Level 8.0 Hexes
 + Level 8.0 Charms
 + Level 8.0 Summonings
 + Level 8.0 Necromancy
 + Level 8.0 Translocations
 + Level 8.0 Transmutations
 + Level 8.0 Fire Magic
 + Level 8.0 Ice Magic
 + Level 8.0 Air Magic
 + Level 8.0 Earth Magic
 + Level 8.0 Poison Magic
 + Level 10.4 Invocations
 + Level 11.4 Evocations


You had 33 spell levels left.
You didn't know any spells.
Your spell library contained the following spells:

 Spells                   Type           Power        Failure   Level  Hunger
 Corona                   Hex            #####..      4%          1    None
 Slow                     Hex            #####...     8%          2    None
 Inner Flame              Hex/Fire       #####...     16%         3    None
 Portal Projectile        Hex/Tloc       #####.       16%         3    None
 Cause Fear               Hex            #####.....   45%         4    ###....
 Leda's Liquefaction      Hex/Erth       #####.....   45%         4    ###....
 Bolt of Magma            Conj/Fire/Erth #####.....   80%         5    #####..
 Iron Shot                Conj/Erth      #####.....   100%        6    ######.
 Statue Form              Tmut/Erth      #####....    100%        6    ######.
 Shatter                  Erth           #####.....   100%        9    #######


Dungeon Overview and Level Annotations

Branches:
Dungeon (12/15)            Temple (1/1) D:6            Lair (6/6) D:10
  Swamp (0/4) Lair:3       Spider (0/4) Lair:2        Slime (0/5) Lair:5
    Orc (0/2) D:9           Sewer (visited)

Altars:
Cheibriados
Dithmenos
Elyvilon
Fedhas
Gozag
Hepliaklqana
Kikubaaqudgha
Makhleb
Nemelex Xobeh
Okawaru
Qazlal
Ru
Sif Muna
Trog
Vehumet
Wu Jian
Xom
Yredelemnul
The Shining One
Jiyva

Shops:
D:7 =   D:10 =!

Annotations:
Lair:5 2 transporters, Raspi's ghost, journeyman MiBe


Innate Abilities, Weirdness & Mutations

Your experience applies equally to all skills.
You have very sharp teeth.
Your uncanny sense of smell can sniff out nearby items.


Message History

You burn the very large slime creature.
The very large slime creature is heavily wounded.
You block the very large slime creature's attack.
You hit the very large slime creature. You burn the very large slime creature.
The very large slime creature is severely wounded.
You block the very large slime creature's attack.
You slash the very large slime creature!
You burn the very large slime creature. You bite the very large slime creature.
The very large slime creature is severely wounded.
The very large slime creature hits you!!
You slash the very large slime creature!
You burn the very large slime creature.
The very large slime creature is severely wounded.
The very large slime creature hits you!!!
* * * LOW HITPOINT WARNING * * *
You slash the very large slime creature!
You burn the very large slime creature.
The very large slime creature is almost dead.
The very large slime creature hits you!!
You die...

#.####...### #.#
#.##.......### #.#
#.##...<.....# #.########
#.##.......#.# #.#.......
#..#.#...###.# ###.#.######
###.#..#...# #.# ##.#.#.#
#.........## #.# ##....#.#
#....#...## #.#####.....#.#
###......#####..@J.........#
#..#[#....########.....#.#
###.[)...#..#########....#.##
##
...#.)..###.................#
##
#.###)#...(......#####..###.#
## .## ##...#######.#
##.#⌠#.# ## ##..#
#.######.###.### .## ##...#
#..............# #.###.#..#
########....##.#


You could see a very large slime creature.

Vanquished Creatures
  Jorgrun (D:12)
  Gastronok (D:8)
  Harold (D:9)
  3 hydras
  A two-headed ogre (D:11)
  9 death yaks
  A fire crab (Lair:6)
  An unseen horror (D:11)
  Pikel (D:7)
  2 ugly things
  An orb spider (Lair:2)
  A manticore (D:12)
  4 oklob plants (Lair:5)
  5 elephants (Lair:4)
  4 black mambas
  Psyche (D:9)
  A gargoyle (D:10)
  11 spiny frogs
  A torpor snail (Lair:6)
  8 komodo dragons
  A rime drake (Lair:6)
  3 trolls
  2 hornets
  2 bog bodies (Lair:3)
  12 polar bears
  4 slime creatures (D:12)
  10 hippogriffs
  6 dream sheep (Lair:6)
  Prince Ribbit (D:9)
  17 blink frogs
  A vampire (D:9)
  2 wyverns
  A shadow (D:7)
  38 yaks
  A hungry ghost (D:7)
  An acid dragon (D:10)
  2 soldier ants
  4 wargs (Lair:6)
  17 hell hounds (Lair:6)
  10 water moccasins
  8 porcupines
  2 orc warriors
  2 sky beasts
  A phantom (D:7)
  4 ice beasts
  12 black bears
  21 wolves
  7 ogres
  6 centaurs
  9 crocodiles
  A big kobold (Sewer)
  15 bullfrogs
  3 wyvern zombies
  A wyvern skeleton (D:7)
  3 scorpions
  A water moccasin skeleton (D:12)
  3 wights (D:11)
  4 howler monkeys
  2 electric eels (Lair:5)
  5 crimson imps
  A bullfrog zombie (D:6)
  A lava snake (Lair:6)
  7 hounds
  2 jellies
  6 orc priests
  4 orc wizards
  8 iguanas
  20 worker ants
  3 hound skeletons
  A mummy (D:7)
  2 worker ant zombies
  15 adders
  2 river rats (D:4)
  A shadow imp (D:6)
  3 oozes
  2 adder skeletons
  An adder zombie (D:5)
  6 worms
  A dart slug (D:2)
  3 leopard geckos
  41 orcs
  3 ball pythons
  12 bats
  10 giant cockroaches
  5 goblins
  6 hobgoblins
  4 jackals (D:4)
  6 quokkas
  8 frilled lizards
  23 kobolds
  16 rats
  A fungus (Lair:6)
  5 plants
532 creatures vanquished.

Vanquished Creatures (others)
  Maurice (D:9)
  3 slaves (D:7)
  A phantom (D:7)
  A bullfrog (D:7)
  A quasit (D:7)
  An orc (D:9)
  16 fungi
  14 plants
38 creatures vanquished.

Grand Total: 570 creatures vanquished

Notes
Turn   | Place    | Note
-------+----------+-------------------------------------------
     0 | D:1      | grindst0ne the Gnoll Artificer began the quest for the Orb.
     0 | D:1      | Reached XP level 1. HP: 17/17 MP: 4/4
   146 | D:1      | Reached XP level 2. HP: 20/23 MP: 6/6
   424 | D:1      | You fall into a shaft and drop 1 floor!
   830 | D:2      | Reached XP level 3. HP: 28/28 MP: 7/7
  1211 | D:2      | Reached skill level 1 in Invocations
  1368 | D:2      | Reached skill level 1 in Long Blades
  1368 | D:2      | Reached skill level 1 in Axes
  1368 | D:2      | Reached skill level 1 in Maces & Flails
  1368 | D:2      | Reached skill level 1 in Polearms
  1368 | D:2      | Reached skill level 1 in Staves
  1368 | D:2      | Reached skill level 1 in Slings
  1368 | D:2      | Reached skill level 1 in Bows
  1368 | D:2      | Reached skill level 1 in Crossbows
  1368 | D:2      | Reached skill level 1 in Throwing
  1368 | D:2      | Reached skill level 1 in Armour
  1368 | D:2      | Reached skill level 1 in Shields
  1368 | D:2      | Reached skill level 1 in Unarmed Combat
  1368 | D:2      | Reached skill level 1 in Spellcasting
  1449 | D:2      | Reached XP level 4. HP: 34/34 MP: 8/8
  1693 | D:2      | Found a burning altar of Makhleb.
  1918 | D:3      | Reached skill level 1 in Conjurations
  1918 | D:3      | Reached skill level 1 in Hexes
  1918 | D:3      | Reached skill level 1 in Charms
  1918 | D:3      | Reached skill level 1 in Summonings
  1918 | D:3      | Reached skill level 1 in Necromancy
  1918 | D:3      | Reached skill level 1 in Translocations
  1918 | D:3      | Reached skill level 1 in Transmutations
  1918 | D:3      | Reached skill level 1 in Fire Magic
  1918 | D:3      | Reached skill level 1 in Ice Magic
  1918 | D:3      | Reached skill level 1 in Air Magic
  1918 | D:3      | Reached skill level 1 in Earth Magic
  1918 | D:3      | Reached skill level 1 in Poison Magic
  2057 | D:3      | Reached XP level 5. HP: 40/40 MP: 9/9
  2619 | D:4      | Found a glowing drain.
  2651 | D:4      | Reached XP level 6. HP: 30/47 MP: 11/11
  2686 | Sewer    | Entered a sewer
  2958 | Sewer    | Reached skill level 5 in Dodging
  3362 | D:4      | Got a bloodstained kite shield
  3368 | D:4      | Identified the +2 kite shield of Objectivity {rF- rC+++
                  | Int+4 Stlth+} (You found it on level 4 of the Dungeon)
  3433 | D:4      | Reached XP level 7. HP: 52/52 MP: 12/12
  3614 | D:4      | Reached skill level 7 in Evocations
  3705 | D:4      | Found a hazy altar of Hepliaklqana.
  4166 | D:4      | Found a glowing golden altar of the Shining One.
  4605 | D:4      | Reached XP level 8. HP: 60/60 MP: 13/13
  4760 | D:5      | Entered Level 5 of the Dungeon
  4788 | D:5      | Found a stormy altar of Qazlal.
  5438 | D:5      | Got a slimy hand axe
  5452 | D:5      | Identified the +1 hand axe of the Revolution {vorpal, Str+3
                  | Int+6} (You found it on level 5 of the Dungeon)
  6009 | D:6      | Found a staircase to the Ecumenical Temple.
  6017 | Temple   | Entered the Ecumenical Temple
  6142 | Temple   | Became a worshipper of Warmaster Okawaru
  6893 | D:6      | Reached XP level 9. HP: 65/66 MP: 14/14
  7185 | D:7      | Reached * piety under Okawaru
  7209 | D:7      | Noticed a hornet
  7217 | D:7      | Paralysed by a hornet for 3 turns
  7222 | D:7      | Killed a hornet
  7506 | D:7      | Reached skill level 5 in Fighting
  7506 | D:7      | Reached skill level 5 in Short Blades
  7517 | D:7      | Noticed Pikel
  7533 | D:7      | Killed Pikel
  7533 | D:7      | Reached ** piety under Okawaru
  7533 | D:7      | Reached skill level 5 in Stealth
  7533 | D:7      | Reached skill level 8 in Evocations
  7747 | D:7      | Found Laiplur's Jewellery Shop.
  7757 | D:7      | Reached skill level 5 in Invocations
  7841 | D:7      | Found a snail-covered altar of Cheibriados.
  7970 | D:7      | Reached XP level 10. HP: 74/74 MP: 17/17
  9264 | D:8      | Reached skill level 5 in Long Blades
  9264 | D:8      | Reached skill level 5 in Axes
  9264 | D:8      | Reached skill level 5 in Maces & Flails
  9264 | D:8      | Reached skill level 5 in Polearms
  9264 | D:8      | Reached skill level 5 in Staves
  9264 | D:8      | Reached skill level 5 in Slings
  9264 | D:8      | Reached skill level 5 in Bows
  9264 | D:8      | Reached skill level 5 in Crossbows
  9264 | D:8      | Reached skill level 5 in Throwing
  9264 | D:8      | Reached skill level 5 in Armour
  9264 | D:8      | Reached skill level 5 in Shields
  9264 | D:8      | Reached skill level 5 in Unarmed Combat
  9264 | D:8      | Reached skill level 5 in Spellcasting
  9325 | D:8      | Noticed Gastronok
  9695 | D:8      | Killed Gastronok
  9695 | D:8      | Reached *** piety under Okawaru
  9695 | D:8      | Reached **** piety under Okawaru
  9961 | D:8      | Found a shadowy altar of Dithmenos.
 10209 | D:9      | Found a shimmering altar of Xom.
 10222 | D:9      | Noticed Psyche
 10253 | D:9      | Killed Psyche
 10381 | D:9      | Reached XP level 11. HP: 64/82 MP: 19/19
 10388 | D:9      | Found a burning altar of Makhleb.
 10388 | D:9      | Noticed Prince Ribbit
 10389 | D:9      | Noticed Maurice
 10400 | D:9      | Killed Maurice
 10608 | D:9      | Found the +15 Maxwell's patent armour {-Cast -Tele rElec
                  | MR+ rCorr}
 10651 | D:9      | Noticed Harold
 10676 | D:9      | Killed Harold
 10692 | D:9      | Killed Prince Ribbit
 10692 | D:9      | Reached ***** piety under Okawaru
 10692 | D:9      | Reached skill level 9 in Evocations
 10706 | D:9      | Found a staircase to the Orcish Mines.
 10813 | D:9      | Reached skill level 5 in Conjurations
 10813 | D:9      | Reached skill level 5 in Hexes
 10813 | D:9      | Reached skill level 5 in Charms
 10813 | D:9      | Reached skill level 5 in Summonings
 10813 | D:9      | Reached skill level 5 in Necromancy
 10813 | D:9      | Reached skill level 5 in Translocations
 10813 | D:9      | Reached skill level 5 in Transmutations
 10813 | D:9      | Reached skill level 5 in Fire Magic
 10813 | D:9      | Reached skill level 5 in Ice Magic
 10813 | D:9      | Reached skill level 5 in Air Magic
 10813 | D:9      | Reached skill level 5 in Earth Magic
 10813 | D:9      | Reached skill level 5 in Poison Magic
 11286 | D:9      | Received a gift from Okawaru
 11504 | D:9      | Found a shimmering blue altar of Sif Muna.
 11507 | D:9      | Found a blossoming altar of Fedhas.
 11772 | D:10     | Entered Level 10 of the Dungeon
 11813 | D:10     | Found Urey's Distillery.
 11814 | D:10     | Found a staircase to the Lair.
 12676 | D:10     | Found Kalu's Jewellery Boutique.
 12955 | D:10     | Got a clouded silver ring
 12956 | D:10     | Identified the ring "Goimead" {Str+3 Stlth-} (You found it
                  | on level 10 of the Dungeon)
 13833 | D:11     | Noticed a two-headed ogre
 13842 | D:11     | Killed a two-headed ogre
 13842 | D:11     | Received a gift from Okawaru
 14477 | D:11     | Noticed a brown ugly thing
 14498 | D:11     | Killed a brown ugly thing
 14769 | D:11     | Reached XP level 12. HP: 91/91 MP: 22/22
 14864 | D:11     | Received a gift from Okawaru
 14945 | D:12     | Noticed Jorgrun
 14959 | D:12     | Killed Jorgrun
 14959 | D:12     | Received a gift from Okawaru
 16826 | Lair:1   | Entered Level 1 of the Lair of Beasts
 17653 | D:10     | Bought a potion of experience for 800 gold pieces
 17653 | D:10     | Reached skill level 10 in Evocations
 17653 | D:10     | Reached XP level 13. HP: 99/99 MP: 24/24
 19519 | Lair:2   | Found a hole to the Spider Nest.
 20105 | Lair:3   | Received a gift from Okawaru
 20105 | Lair:3   | Reached XP level 14. HP: 88/106 MP: 26/26
 20594 | Lair:3   | HP: 5/106 [komodo dragon (8)]
 21060 | Lair:3   | Found a staircase to the Swamp.
 21955 | Lair:4   | Reached ****** piety under Okawaru
 22377 | Lair:4   | Received a gift from Okawaru
 22415 | Lair:4   | Got a smouldering hat {god gift}
 22426 | Lair:4   | Identified the +0 hat "Guigougg" {+Inv MR++ Int+2 Dex-4}
                  | (Okawaru gifted it to you on level 4 of the Lair of Beasts)
 23947 | Lair:5   | Reached skill level 10 in Dodging
 23967 | Lair:5   | You fall into a shaft and drop 1 floor!
 23967 | Lair:6   | Entered Level 6 of the Lair of Beasts
 24268 | Lair:6   | Reached skill level 11 in Evocations
 24976 | Lair:5   | Found a staircase to the Slime Pits.
 24977 | Lair:5   | Found a viscous altar of Jiyva.
 25207 | Lair:5   | Noticed Raspi's ghost (journeyman MiBe)
 25525 | Lair:5   | Found a transporter.
 25539 | Lair:5   | Found a transporter.
 26709 | Lair:5   | Identified 3 scrolls of acquirement
 26713 | Lair:5   | Got the ring "Nuqe" {rPois rF+ Str+3 SInv}
 27031 | Lair:6   | Reached skill level 10 in Invocations
 27074 | Lair:6   | Received a gift from Okawaru
 27381 | Lair:6   | Reached XP level 15. HP: 83/115 MP: 28/28
 28686 | Lair:6   | Received a gift from Okawaru
 28815 | Lair:6   | Identified a +2 pair of boots of running (You found it on
                  | level 6 of the Lair of Beasts)
 29547 | D:12     | Mangled by a very large slime creature

Illustrated notes

Levels and vault maps discovered:
D:1:      dpeg_arrival_court, layout_basic, hangedman_decor_peaks_small
D:2:      layout_basic, makhleb_blood_cavern_becter
D:3:      layout_loops_ring
D:4:      minmay_razor_zed, layout_cave_pods, old_standard_altar, first_ration,
          portal_sewer_entry_a, nicolae_tso_swordbearing_angel
D:5:      layout_gridville, grunt_qazlal_sundering
D:6:      layout_loops_ring, minmay_temple_entry_stoned_glass
D:7:      layout_basic, slow_altar_1, serial_shops, shop_statue, uniq_pikel
D:8:      layout_rooms, lemuel_coloured_pillars_altar, uniq_gastronok
D:9:      layout_rooms, fedhas_bush_and_centaur_altar, old_standard_altar,
          led_sif_book, old_standard_altar, orc_0_dummy, uniq_harold,
          uniq_maurice, uniq_psyche, uniq_prince_ribbit1
D:10:     layout_basic, dpeg_oklobed_lair, serial_shops, nicolae_shop_trees,
          shop
D:11:     layout_small_grid, grunt_ogre_cave
D:12:     layout_loops_ring, serial_glass, glass_columns_b, glass_columns_a,
          feat_on_display, uniq_jorgrun
Temple:   dpeg_chambers_temple
Lair:1:   layout_layer_cave
Lair:2:   layout_hall_layers, nicolae_spider_entry_orb_guardian,
          grunt_megastairs_2
Lair:3:   layout_loops_ring, skrybe_swamp_entry_bodies
Lair:4:   layout_regular_city, lemuel_fruit_tree, infiniplex_staircase_pool_2,
          grunt_megastairs_3
Lair:5:   minmay_lair_oklob_tunnel, layout_loops_ring, slime_altar_1,
          gammafunk_ghost_berserking_beasts, lemuel_fruit_fields,
          serial_bayou_shore_a
Lair:6:   hangedman_lair_caniforms_friends, layout_gridlike,
          chequers_serial_rivers_large_a

Skill      XL: |  1  2  3  4  5  6  7  8  9 10 11 12 13 14 15 |
---------------+----------------------------------------------+-----
Invocations    | 1 2 3 4 5 6 7 8 9 10 | 10.4
Long Blades    | 1 2 3 4 5 6 7 8 9 |  9.6
Axes           | 1 2 3 4 5 6 7 8 9 |  9.6
Maces & Flails | 1 2 3 4 5 6 7 8 9 |  9.6
Polearms       | 1 2 3 4 5 6 7 8 9 |  9.6
Staves         | 1 2 3 4 5 6 7 8 9 |  9.6
Slings         | 1 2 3 4 5 6 7 8 9 |  9.6
Bows           | 1 2 3 4 5 6 7 8 9 |  9.6
Crossbows      | 1 2 3 4 5 6 7 8 9 |  9.6
Throwing       | 1 2 3 4 5 6 7 8 9 |  9.6
Armour         | 1 2 3 4 5 6 7 8 9 |  9.6
Shields        | 1 2 3 4 5 6 7 8 9 |  9.6
Unarmed Combat | 1 2 3 4 5 6 7 8 9 |  9.6
Spellcasting   | 1 2 3 4 5 6 7 8 9 |  9.6
Conjurations   | 1 2 3 4 5 6 7 8 |  8.0
Hexes          | 1 2 3 4 5 6 7 8 |  8.0
Charms         | 1 2 3 4 5 6 7 8 |  8.0
Summonings     | 1 2 3 4 5 6 7 8 |  8.0
Necromancy     | 1 2 3 4 5 6 7 8 |  8.0
Translocations | 1 2 3 4 5 6 7 8 |  8.0
Transmutations | 1 2 3 4 5 6 7 8 |  8.0
Fire Magic     | 1 2 3 4 5 6 7 8 |  8.0
Ice Magic      | 1 2 3 4 5 6 7 8 |  8.0
Air Magic      | 1 2 3 4 5 6 7 8 |  8.0
Earth Magic    | 1 2 3 4 5 6 7 8 |  8.0
Poison Magic   | 1 2 3 4 5 6 7 8 |  8.0
Fighting       | 3 4 5 6 7 8 9 |  9.9
Short Blades   | 3 4 5 6 7 8 9 |  9.9
Stealth        | 3 4 5 6 7 8 9 |  9.9
Dodging        | 5 6 7 8 9 10 | 10.6
Evocations     | 7 8 9 10 11 | 11.4

Action                   |  1- 3 |  4- 6 |  7- 9 | 10-12 | 13-15 || total
-------------------------+-------+-------+-------+-------+-------++-------
Melee: Short sword       |    74 |   197 |   350 |   939 |   995 ||  2555
       Bite              |     4 |    17 |    52 |   148 |   221 ||   442
       Punch             |     1 |       |       |       |       ||     1
       Double sword      |       |       |       |     3 |       ||     3
       Broad axe         |       |       |       |       |   407 ||   407
Throw: Dart              |       |       |     2 |     4 |    16 ||    22
       Throwing net      |       |       |       |     5 |     5 ||    10
Evoke: Wand              |       |       |     6 |    38 |    26 ||    70
  Use: Scroll            |     3 |     2 |     7 |     7 |     9 ||    28
       Potion            |       |       |       |    11 |     2 ||    13
 Stab: Sleeping          |    11 |     6 |    18 |     9 |     1 ||    45
       Paralysed         |       |       |     4 |    10 |     6 ||    20
       Distracted        |       |       |     1 |       |       ||     1
       Held in net/web   |       |       |       |     3 |     3 ||     6
       Invisible         |       |       |       |       |     5 ||     5
  Eat: Chunk             |     2 |     6 |    10 |    21 |    29 ||    68
       Ration            |       |       |     3 |     3 |     3 ||     9
Armor: Leather armour    |    12 |       |       |       |       ||    12
       Scale mail        |    18 |    67 |    78 |    36 |       ||   199
       Chain mail        |       |       |       |   239 |   181 ||   420
       Plate armour      |       |       |       |       |   505 ||   505
Dodge: Dodged            |    57 |   117 |    94 |   222 |   520 ||  1010
Block: Kite shield       |       |     5 |   165 |   531 |   644 ||  1345
       Buckler           |       |       |       |     1 |   182 ||   183
